Map: Dreamcatcher LE

Players

Bly

  • Race: Zerg Zerg
  • League: Master
  • Spawn Location: 11:00

LiquidTaeJa (TaeJa) - Winner!

  • Race: Terran Terran
  • League: Diamond
  • Spawn Location: 5:00

Event: HomeStory Cup XVIII

VOD

Have the link to the VOD?

Description

Time

  • Played on: Nov. 24, 2018, 2:45 p.m.
  • Length: 10:36

All games in this series

Show
View Real Time Build Order
Export as new Build Order

Bly Zerg 

Build Orders: Hatch First 

Get SALT Encoding   

  12  0:01  Drone  
  13  0:14  Overlord  
  13  0:18  Drone  
  14  0:32  Drone x2  
  16  0:51  Hatchery  
  16  0:53  Drone  
  17  0:57  Drone  
  17  0:58  Drone  
  18  1:10  Extractor  
  17  1:14  Spawning Pool  
  17  1:17  Drone  
  17  1:20  Drone  
  18  1:29  Drone  
  19  1:46  Drone  
  20  1:51  Overlord  
  20  1:58  Extractor  
  20  2:00  Queen  
  21  2:02  Roach Warren  
  21  2:06  Zergling x2  
  21  2:07  Queen  
  26  2:15  Drone  
  26  2:17  Drone  
  26  2:18  Drone  
  26  2:21  Metabolic Boost  
  28  2:26  Drone x2  
  30  2:40  Queen  
  30  2:41  Overlord  
  30  2:54  Zergling x2  
  30  2:55  Zergling x2  
  32  3:01  Drone x2  
  33  3:08  Hatchery, Spore Crawler  
  31  3:17  Drone x3  
  31  3:18  Drone  
  36  3:22  Drone x2  
  38  3:30  Zergling x2  
  38  3:31  Zergling x2  
  39  3:35  Overlord  
  39  3:40  Drone x2  
  41  3:47  Queen  
  43  3:54  Drone  
  43  3:55  Drone x4  
  48  4:01  Overlord  
  48  4:04  Overlord  
  48  4:11  Overlord  
  48  4:14  Overlord  
  48  4:18  Queen  
  48  4:21  Queen, Drone  
  48  4:22  Overlord  
  53  4:25  Drone x3  
  53  4:27  Drone  
  57  4:33  Zergling x4  
  57  4:37  Zergling x2  
  57  4:38  Zergling x6  
  63  4:40  Evolution Chamber  
  60  4:48  Spore Crawler  
  60  4:49  Spore Crawler  
  60  4:51  Spore Crawler  
  57  4:53  Drone x3  
  57  4:55  Drone  
  57  4:57  Drone  
  60  5:01  Drone  
  59  5:14  Drone x6  
  51  5:20  Drone x2  
  52  5:25  Drone  
  52  5:27  Drone, Evolution Chamber  
  52  5:28  Evolution Chamber  
  52  5:31  Drone x4  
  56  5:39  Drone x2, Spore Crawler  
  56  5:41  Drone  
  56  5:42  Spore Crawler  
  57  5:47  Drone x2  
  57  5:48  Drone x2  
  61  5:53  Zerg Ground Armor Level 1, Zerg Melee Weapons Level 1  
  61  5:55  Drone x3  
  65  5:57  Overlord  
  65  5:58  Drone  
  65  6:00  Drone  
  67  6:05  Drone x3  
  67  6:10  Drone x2  
  72  6:12  Drone, Spore Crawler  
  72  6:13  Drone  
  72  6:14  Drone  
  72  6:15  Drone x2  
  75  6:20  Extractor  
  75  6:21  Extractor  
  73  6:34  Drone x6, Baneling Nest  
  73  6:39  Extractor x2  
  76  6:41  Hatchery  
  76  6:47  Extractor  
  74  6:49  Hatchery  
  74  6:50  Zergling x16  
  79  6:56  Lair  
  79  7:05  Zergling x18  
  88  7:09  Drone  
  84  7:22  Zergling x2  
  84  7:23  Zergling x8  
  84  7:28  Zergling x10  
  90  7:43  Drone x3  
  91  7:47  Zergling x14  
  97  7:56  Drone x3  
  99  8:00  Centrifical Hooks  
  99  8:02  Zergling x16  
  107  8:12  Zergling x6  
  107  8:21  Zergling x8  
  107  8:24  Baneling x6  
  110  8:29  Hatchery  
  110  8:33  Overlord  
  110  8:34  Overlord x4  
  103  8:40  Baneling x6  
  98  8:42  Zergling x2  
  98  8:43  Zergling x4  
  98  8:48  Overlord x4  
  101  8:54  Zergling x6  
  104  9:07  Zergling x6  
  105  9:12  Hatchery  
  105  9:13  Zergling x2  
  99  9:23  Queen  
  89  9:26  Zergling x12  
  89  9:29  Zergling x6  
  78  9:39  Zergling x10  
  78  9:42  Baneling x2  
  78  9:43  Baneling  
  78  9:44  Zergling x4  
  77  9:48  Zergling x14  
  77  9:50  Baneling  
  77  9:51  Baneling x7  
  77  9:54  Zergling x4  
  66  10:03  Zergling x8  
  62  10:10  Zergling x4  
  63  10:14  Zergling x2  
  63  10:16  Zergling x2  
  63  10:19  Spire  
Show
View Real Time Build Order
Export as new Build Order

LiquidTaeJa Terran - Winner!

Build Orders: Reaper Expand, Hellion Banshee 

Get SALT Encoding   

  12  0:00  SCV  
  13  0:12  SCV  
  14  0:17  Supply Depot  
  14  0:24  SCV  
  15  0:38  SCV  
  15  0:40  Barracks  
  16  0:44  Refinery  
  16  0:50  SCV  
  17  1:02  SCV  
  18  1:14  SCV  
  19  1:27  Reaper, Orbital Command  
  20  1:40  Command Center  
  20  1:50  Supply Depot  
  20  1:52  SCV  
  21  1:59  Marine  
  22  2:04  SCV  
  23  2:11  Factory  
  23  2:17  Refinery, SCV  
  23  2:21  Barracks Reactor  
  24  2:29  SCV  
  25  2:41  SCV  
  26  2:52  Orbital Command  
  26  2:53  SCV  
  26  2:56  Starport  
  27  3:03  Hellion x2  
  31  3:06  Barracks Tech Lab  
  31  3:07  SCV  
  32  3:18  SCV  
  32  3:19  SCV  
  34  3:22  Supply Depot  
  34  3:24  Hellion x2  
  38  3:30  SCV  
  38  3:32  SCV  
  40  3:34  Marine  
  40  3:38  Banshee  
  44  3:42  SCV  
  44  3:43  Cloaking Field  
  44  3:44  SCV  
  46  3:49  Supply Depot  
  46  3:53  Barracks Tech Lab  
  46  3:55  Hellion x2  
  50  3:56  SCV  
  50  3:58  SCV  
  51  4:09  SCV  
  52  4:10  SCV  
  52  4:14  Command Center  
  53  4:21  Banshee  
  56  4:24  Stimpack  
  56  4:25  Supply Depot  
  56  4:27  SCV  
  56  4:28  SCV  
  58  4:31  Factory Reactor  
  58  4:32  Marine  
  59  4:39  SCV  
  59  4:40  SCV  
  61  4:50  Marine  
  61  4:51  SCV  
  62  4:53  SCV  
  63  5:03  SCV  
  63  5:05  Engineering Bay, SCV  
  62  5:08  Marine  
  59  5:16  SCV  
  59  5:17  SCV  
  53  5:24  Engineering Bay  
  53  5:25  Marine  
  53  5:26  Starport Reactor  
  53  5:27  Siege Tank  
  53  5:28  SCV, Barracks, Orbital Command  
  58  5:29  Barracks, SCV  
  58  5:31  Refinery  
  58  5:32  Terran Infantry Weapons Level 1, Refinery  
  59  5:40  SCV  
  60  5:42  Barracks  
  60  5:44  Barracks  
  60  5:48  Marine  
  60  5:49  SCV  
  62  5:50  Terran Infantry Armor Level 1  
  62  5:52  SCV  
  62  5:53  Supply Depot  
  63  5:57  Orbital Command  
  63  6:01  Supply Depot x2, SCV  
  64  6:04  SCV  
  64  6:06  Marine  
  64  6:07  Medivac x2  
  70  6:16  SCV x2  
  70  6:17  Marine x3  
  75  6:21  Supply Depot  
  75  6:23  SCV  
  75  6:24  Marine  
  75  6:25  Marine  
  77  6:26  Siege Tank  
  77  6:27  Combat Shield  
  77  6:29  SCV x2  
  83  6:35  Marine x2  
  83  6:36  Barracks Reactor x2  
  83  6:37  Supply Depot x2, Marine  
  86  6:40  SCV  
  86  6:41  Marine, SCV  
  86  6:43  Marine  
  86  6:45  Refinery  
  86  6:46  SCV  
  91  6:50  Armory  
  91  6:52  SCV  
  91  6:53  Marine x2, SCV  
  95  6:55  Marine  
  95  6:57  Supply Depot  
  95  6:58  SCV  
  95  6:59  Supply Depot, Marine  
  95  7:01  Marine  
  98  7:02  Supply Depot  
  98  7:04  SCV  
  98  7:05  Siege Tank  
  98  7:08  SCV  
  104  7:10  SCV  
  104  7:11  Marine  
  104  7:13  Marine  
  107  7:17  Marine x6  
  107  7:19  Marine  
  114  7:23  SCV x2  
  114  7:27  SCV  
  114  7:28  Marine  
  117  7:30  Refinery  
  117  7:31  Marine  
  117  7:35  Marine x6, SCV  
  117  7:36  Marine  
  125  7:37  Siege Tank  
  125  7:42  Medivac x2  
  130  7:46  Marine, Terran Infantry Weapons Level 2  
  130  7:49  Marine  
  132  7:51  Terran Infantry Armor Level 2  
  132  7:53  Marine x6  
  132  7:54  Marine  
  139  7:59  Supply Depot  
  139  8:01  Supply Depot  
  139  8:04  Marine  
  140  8:06  Marine  
  140  8:10  Marine  
  140  8:11  Marine x5  
  140  8:12  Marine  
  148  8:21  Siege Tank  
  148  8:22  Marine  
  148  8:24  Terran Vehicle Weapons Level 1, Marine  
  148  8:27  Command Center  
  153  8:28  Marine  
  153  8:31  Marine  
  153  8:32  Marine  
  156  8:35  Marine  
  157  8:41  Medivac x2  
  157  8:42  Marine x3  
  157  8:43  Marine  
  157  8:47  Supply Depot x3  
  165  9:05  Marine x2  
  165  9:06  Marine x2  
  165  9:07  Marine  
  165  9:08  Marine x2  
  165  9:09  Marine x2  
  167  9:11  Medivac x2  
  156  9:19  SCV x2  
  156  9:23  Marine x2  
  149  9:24  Marine x2  
  149  9:25  Marine  
  149  9:26  Marine x4  
  150  9:41  Marine x2  
  150  9:42  Marine x2, SCV x2  
  150  9:43  Marine x2  
  150  9:44  Marine x2  
  158  9:51  Medivac x2  
  162  9:57  Marine  
  162  9:58  Marine, SCV x3  
  166  10:03  Marine x3  
  156  10:10  Marine  
  156  10:11  SCV x3  
  163  10:20  Command Center  
Tags
 
Add a new tag
Caveats
  • Supply blocks, unpowered buildings, or Contaminate may cause inaccurate times.
  • Supply counts are checked every 10 seconds.